Map: Overgrown Facility

Players

MonstroTown

  • Race: Terran Terran
  • Spawn Location: 1:00

Michael

  • Race: Zerg Zerg
  • Spawn Location: 3:00

Joebusyguns - Winner!

  • Race: Terran Terran
  • Spawn Location: 9:00

Ikoza - Winner!

  • Race: Protoss Protoss
  • Spawn Location: 7:00

VOD

Have the link to the VOD?

Description

Time

  • Played on: Aug. 31, 2018, 11:26 p.m.
  • Length: 11:07
Show
View Real Time Build Order
Export as new Build Order

MonstroTown Terran 

Build Orders: Reaper Expand 

Get SALT Encoding   

  12  0:01  SCV  
  13  0:13  SCV  
  14  0:18  Supply Depot  
  14  0:25  SCV  
  15  0:40  SCV  
  15  0:41  Barracks  
  16  0:48  Refinery  
  16  0:52  SCV  
  17  0:57  Refinery  
  18  1:04  SCV  
  18  1:16  SCV  
  19  1:28  Reaper  
  19  1:29  Orbital Command  
  20  2:00  Command Center  
  20  2:03  SCV  
  21  2:15  SCV, Barracks Reactor  
  22  2:23  Factory  
  22  2:32  Supply Depot  
  21  3:05  Barracks  
  21  3:07  Barracks  
  21  3:08  Widow Mine  
  4  3:57  Barracks  
  4  3:59  Widow Mine  
  5  4:32  Widow Mine  
  5  4:34  SCV x2  
  9  4:45  Marine  
  9  4:46  Starport  
  10  4:54  Widow Mine  
  12  5:04  Marine  
  13  5:19  Liberator  
  11  5:32  Marine  
  11  5:52  Widow Mine  
  13  6:30  SCV x2  
  15  6:42  SCV  
  16  6:53  SCV  
  16  7:11  Medivac  
  16  7:14  SCV x2  
  7  10:13  Orbital Command  
  7  10:28  Refinery  
  7  10:41  SCV  
  8  10:53  SCV  
Show
View Real Time Build Order
Export as new Build Order

Michael Zerg 

Build Orders: Hatch First 

Get SALT Encoding   

  12  0:01  Drone  
  13  0:12  Overlord  
  13  0:18  Drone  
  14  0:31  Drone x2  
  14  0:35  Drone  
  17  0:45  Drone  
  18  1:00  Drone, Hatchery  
  18  1:05  Extractor  
  17  1:17  Spawning Pool  
  16  1:19  Drone  
  16  1:23  Drone  
  18  1:32  Drone  
  19  1:39  Drone  
  20  1:49  Overlord  
  20  2:04  Queen  
  20  2:06  Metabolic Boost  
  22  2:12  Queen  
  22  2:14  Zergling x2  
  22  2:15  Zergling x2  
  26  2:17  Zergling x2  
  26  2:22  Drone  
  28  2:24  Drone  
  29  2:32  Drone  
  29  2:35  Drone  
  31  2:42  Roach Warren  
  30  2:47  Zergling x4  
  32  2:59  Zergling x2  
  32  3:00  Zergling x2  
  34  3:06  Zergling x4  
  36  3:19  Overlord  
  36  3:20  Overlord  
  36  3:21  Overlord  
  32  3:46  Zergling x2  
  32  3:47  Zergling x14  
  35  3:51  Drone x3  
  38  3:57  Zergling x2  
  35  4:18  Zergling x8  
  35  4:23  Spine Crawler  
  38  4:25  Spine Crawler  
  38  4:26  Zergling x2, Spine Crawler  
  34  4:32  Queen  
  27  4:49  Zergling x6  
  27  4:50  Zergling x4  
  29  4:57  Zergling x2  
  29  4:58  Zergling x4  
  32  5:02  Zergling x2  
  28  5:21  Zergling x4  
  25  5:32  Zergling x2  
  25  5:45  Drone  
  25  5:46  Drone  
  26  6:00  Baneling Nest  
  26  6:02  Extractor, Drone x2  
  26  6:06  Drone  
  26  6:09  Drone  
  28  6:13  Drone  
  28  6:17  Drone  
  30  6:20  Drone  
  30  6:23  Drone  
  32  6:26  Drone  
  33  6:35  Lair  
  33  6:38  Drone  
  34  6:40  Drone  
  34  6:41  Drone  
  34  6:44  Drone  
  37  6:49  Zergling x4  
  37  6:51  Zergling x2  
  37  6:52  Zergling x2  
  41  6:54  Baneling  
  41  6:56  Baneling x2  
  41  6:57  Baneling  
  41  6:58  Baneling  
  41  6:59  Baneling  
  41  7:02  Baneling  
  41  7:03  Zergling x2  
  41  7:05  Zergling x2  
  41  7:06  Zergling x2  
  45  7:08  Zergling x2  
  45  7:11  Zergling x2  
  45  7:12  Zergling x2  
  47  7:25  Zergling x2  
  47  7:26  Zergling x6  
  39  7:50  Zergling x22  
  50  7:55  Baneling x3  
  50  7:56  Baneling x7  
  50  7:59  Centrifical Hooks  
  50  8:04  Zergling x4  
  52  8:18  Zergling x6  
  55  8:24  Zergling x2  
  55  8:25  Zergling x4  
  55  8:26  Zergling x2  
  54  8:35  Hatchery  
  51  8:46  Zergling x8  
  51  8:47  Zergling x2  
  46  9:00  Zergling x4  
  35  9:21  Spine Crawler  
  35  9:23  Spire  
  32  9:35  Zergling x12  
  38  9:44  Evolution Chamber  
  37  9:49  Hatchery  
  37  9:51  Spine Crawler  
  37  9:52  Spore Crawler x2  
  33  9:53  Drone, Spore Crawler  
  33  9:55  Spore Crawler  
  33  9:57  Drone  
  33  9:58  Drone x3  
  36  10:00  Spore Crawler  
  36  10:01  Drone  
  36  10:02  Drone, Spore Crawler x2  
  36  10:03  Drone x3  
  38  10:23  Zergling x6  
  38  10:24  Zergling x2  
  42  10:30  Queen  
  42  10:32  Drone  
  42  10:35  Drone  
  46  10:37  Drone  
  46  10:39  Drone  
Show
View Real Time Build Order
Export as new Build Order

Joebusyguns Terran - Winner!

Build Orders:  

Get SALT Encoding   

  12  0:01  SCV  
  13  0:13  SCV  
  14  0:19  Supply Depot  
  14  0:25  SCV  
  15  0:47  Barracks  
  15  0:49  SCV  
  16  0:53  Refinery  
  16  1:01  SCV  
  17  1:13  SCV  
  18  1:25  SCV  
  19  1:36  Barracks Reactor  
  19  1:37  Orbital Command  
  19  1:45  Supply Depot  
  19  1:56  Command Center  
  19  2:03  SCV  
  20  2:12  Marine x2  
  22  2:16  Engineering Bay  
  22  2:18  SCV  
  23  2:30  Marine x2  
  23  2:31  SCV  
  26  2:47  SCV  
  26  2:48  Marine x2  
  29  3:05  Marine  
  29  3:06  Marine  
  29  3:09  Orbital Command  
  31  3:14  Barracks  
  31  3:23  Marine  
  31  3:24  Marine  
  33  3:28  SCV  
  34  3:40  SCV  
  33  3:41  Marine x2  
  33  3:46  SCV  
  30  3:59  Marine x2  
  33  4:17  SCV, Marine x2  
  33  4:24  Factory  
  35  4:25  Orbital Command  
  35  4:26  Terran Infantry Weapons Level 1  
  35  4:27  Refinery  
  35  4:29  SCV  
  36  4:34  Marine  
  36  4:35  Marine  
  38  4:52  Marine  
  38  4:53  Marine  
  38  4:56  SCV  
  38  4:58  SCV  
  42  5:04  Refinery  
  42  5:05  Barracks Tech Lab  
  42  5:08  SCV  
  42  5:10  Marine x2  
  39  5:28  Marine x2  
  37  5:46  Marine x2  
  39  5:56  Marauder  
  41  5:57  Starport  
  41  5:58  Stimpack  
  41  6:01  Barracks  
  41  6:02  Supply Depot  
  41  6:04  SCV x2, Marine x2  
  45  6:16  SCV  
  46  6:21  Supply Depot  
  46  6:24  SCV, Marine x2  
  48  6:28  SCV  
  48  6:32  Terran Infantry Armor Level 1  
  49  6:33  Marauder  
  49  6:38  Starport Reactor  
  51  6:41  Marine x2  
  51  6:42  Barracks  
  53  6:47  Command Center  
  53  6:59  Marine x2  
  53  7:00  Marauder  
  57  7:02  SCV x2  
  57  7:05  Refinery  
  57  7:06  Supply Depot  
  59  7:17  Marine x2  
  59  7:21  Marine  
  61  7:35  Marine x2  
  63  7:40  Marauder  
  63  7:49  Barracks Reactor  
  63  7:52  Supply Depot  
  63  7:53  Marine x2  
  63  7:56  Armory  
  63  7:57  SCV x2  
  63  7:58  Barracks Reactor  
  67  8:01  Marauder  
  69  8:09  SCV x2, Medivac  
  69  8:10  Medivac  
  69  8:11  Orbital Command  
  75  8:15  Barracks  
  75  8:20  Supply Depot  
  75  8:22  Marauder  
  75  8:25  Marine  
  80  8:28  Marine  
  74  8:44  Marauder  
  74  8:47  Marine x4  
  80  8:55  Medivac x2  
  80  9:05  Marauder  
  71  9:20  Marine  
  71  9:21  Marine x3  
  75  9:26  Marauder  
  77  9:38  Marine x4  
  79  9:39  Marine x2  
  79  9:44  Medivac x2  
  87  9:48  Marauder  
  87  9:51  Orbital Command  
  89  9:53  Barracks Tech Lab  
  89  9:56  Marine x2  
  89  9:57  Marine x4  
  95  10:07  SCV  
  95  10:09  Marauder  
  95  10:13  Supply Depot, Marine  
  95  10:14  Marine  
  100  10:15  Supply Depot  
  100  10:22  Marine  
  100  10:28  Marine x3  
  104  10:31  Marauder  
  104  10:32  Marauder, Marine  
  104  10:35  Marine  
  110  10:36  Medivac x2  
  110  10:38  Refinery  
  110  10:39  Refinery  
  110  10:40  Marine  
  115  10:46  Marine x3  
Show
View Real Time Build Order
Export as new Build Order

Ikoza Protoss - Winner!

Build Orders:  

Get SALT Encoding   

  12  0:01  Probe  
  13  0:15  Probe  
  14  0:41  Pylon  
  14  0:45  Probe  
  15  0:57  Pylon  
  15  0:59  Probe  
  15  1:03  Gateway  
  16  1:10  Gateway  
  16  1:17  Probe  
  17  1:42  Pylon  
  17  1:44  Assimilator  
  17  1:50  Zealot  
  19  1:57  Zealot  
  21  2:09  Cybernetics Core  
  21  2:17  Zealot  
  23  2:24  Zealot  
  25  2:44  Zealot  
  27  2:57  Zealot  
  29  3:24  Zealot  
  29  3:43  Zealot  
  31  3:52  Zealot  
  33  4:18  Zealot  
  33  4:23  Probe  
  36  4:26  Zealot  
  36  4:35  Probe  
  37  4:45  Zealot  
  37  4:47  Probe  
  38  4:58  Pylon  
  38  5:07  Zealot  
  24  5:23  Zealot  
  26  5:31  Assimilator  
  26  5:34  Zealot  
  28  5:50  Stalker  
  30  6:01  Stalker  
  32  6:20  Stalker  
  32  6:34  Stalker  
  34  6:50  Stalker  
  34  6:53  Probe  
  37  7:11  Nexus  
  37  7:13  Stalker  
  37  7:14  Assimilator  
  39  7:16  Assimilator  
  39  7:20  Stalker  
  39  7:21  Pylon  
  29  7:52  Warp Gate  
  29  7:56  Gateway  
  29  8:00  Gateway  
  29  8:01  Gateway, Pylon  
  29  8:05  Pylon  
  29  8:11  Stalker x2  
  33  8:21  Probe  
  34  8:29  Probe  
  33  8:39  Probe  
  24  8:49  Zealot x2  
  24  8:51  Probe  
  31  8:55  Adept x2  
  31  8:56  Adept  
  35  9:03  Probe  
  36  9:11  Twilight Council  
  36  9:16  Pylon  
  36  9:20  Probe  
  37  9:28  Probe  
  37  9:33  Adept x4  
  37  9:34  Adept  
  37  9:37  Probe  
  49  9:49  Probe  
  50  9:53  Forge  
  50  10:01  Probe  
  51  10:13  Probe  
  52  10:25  Probe  
  53  10:37  Probe  
  54  10:49  Probe  
  55  10:52  Pylon  
  55  10:58  Adept  
  55  10:59  Adept x2  
  55  11:00  Adept  
  55  11:01  Adept  
Tags
 
Add a new tag
Caveats
  • Supply blocks, unpowered buildings, or Contaminate may cause inaccurate times.
  • Supply counts are checked every 10 seconds.